 Dungeon Crawl Stone Soup version 0.22-a0-833-g8522bf8 (webtiles) character file.

1838 Amnesiac the Thaumaturge (level 8, -5/52 HPs)
             Began as a Mummy Earth Elementalist on July 25, 2018.
             Was a Follower of Vehumet.
             Slain by a killer bee (9 damage)
             ... on level 7 of the Dungeon.
             The game lasted 00:09:41 (5896 turns).

Amnesiac the Thaumaturge (Mummy Earth Elementalist) Turns: 5896, Time: 00:09:42

Health: -5/52      AC:  7    Str: 11    XL:     8   Next: 87%
Magic:  2/20       EV: 12    Int: 16    God:    Vehumet [*.....]
Gold:   330        SH:  0    Dex: 16    Spells: 5/23 levels left

rFire    x . .     SeeInvis .   a - staff of earth
rCold    + + .     Gourm    .   (no shield)
rNeg     + + +     Faith    .   c - +0 robe
rPois    ∞         Spirit   .   e - +1 helmet
rElec    .         Reflect  .   k - +2 cloak
rCorr    .         Harm     .   (no gloves)
MR       +....                  (no boots)
Stlth    ++........             (no amulet)
HPRegen  0.17/turn              g - +3 ring of dexterity
MPRegen  0.17/turn              o - ring of protection from cold

@: about to teleport
A: no food or potions, fire vulnerability, cold resistance 1, negative energy
resistance 3, torment resistance, unbreathing
a: Renounce Religion


You were on level 7 of the Dungeon.
You worshipped Vehumet.
Vehumet was aware of your devotion.
You were not hungry.

You visited 2 branches of the dungeon, and saw 8 of its levels.

You collected 330 gold pieces.

Inventory:

Hand Weapons
 l - a +2 dagger of flaming
 q - a +1 short sword of draining
Missiles
 b - 145 stones (quivered)
Armour
 c - a +0 robe (worn)
 e - a +1 helmet (worn)
 k - a +2 cloak (worn)
Magical Staves
 a - an uncursed staff of earth (weapon)
Jewellery
 g - a +3 ring of dexterity (left hand)
 o - a ring of protection from cold (right hand)
Wands
 h - a wand of digging (12)
 s - a wand of iceblast (8)
Scrolls
 d - 5 scrolls of identify {!r}
 f - a scroll of teleportation {!r}
 i - 4 scrolls of remove curse {!r}
 j - 3 scrolls of magic mapping {!r}
 m - a scroll of amnesia {!r}
 n - a scroll of fog {!r}
 p - a scroll of enchant armour {!r}
 r - 3 scrolls of holy word {!r, unknown}


   Skills:
 - Level 1.5 Dodging
 - Level 1.5 Stealth
 + Level 8.3 Spellcasting
 - Level 0.7 Transmutations
 * Level 8.3 Earth Magic


You had 5 spell levels left.
You knew the following spells:

 Your Spells              Type           Power        Failure   Level  Hunger
a - Sandblast             Erth           ######       1%          1    N/A
b - Passwall              Tmut/Erth      ####....     2%          2    N/A
c - Stone Arrow           Conj/Erth      ####..       6%          3    N/A
d - Lee's Rapid Deconstr  Erth           ######....   10%         5    N/A
e - Petrify               Tmut/Erth      ####....     17%         4    N/A
f - Ozocubu's Armour      Chrm/Ice       #.......     32%         3    N/A

Your spell library contained the following spells:

 Spells                   Type           Power        Failure   Level  Hunger
 Throw Frost              Conj/Ice       #.....       16%         2    N/A
 Freeze                   Ice            #...         11%         1    N/A
 Summon Ice Beast         Ice/Summ       #.......     71%         4    N/A
 Throw Icicle             Conj/Ice       #.......     71%         4    N/A

Dungeon Overview and Level Annotations

Branches:
Dungeon (7/15)             Temple (1/1) D:4

Altars:
Ashenzari
Cheibriados
Elyvilon
Fedhas
Gozag
Hepliaklqana
Kikubaaqudgha
Makhleb
Nemelex Xobeh
Okawaru
Qazlal
Ru
Trog
Uskayaw
Vehumet
Wu Jian
Xom
Yredelemnul
Zin
The Shining One


Innate Abilities, Weirdness & Mutations

You do not eat or drink.
Your flesh is vulnerable to fire.
You are immune to poison.
Your flesh is cold resistant. (rC+)
You are immune to negative energy. (rN+++)
You are immune to unholy pain and torment.
You can survive without breathing.


Message History

The killer bee stings you. The killer bee misses you.
A kobold comes into view. It is wielding a short sword.
The killer bee stings you but does no damage.
The killer bee stings you. x2
The killer bee closely misses you. The killer bee barely misses you.
The scorpion stings you but does no damage.
The killer bee barely misses you. The killer bee stings you. x2
The killer bee stings you.
A kobold comes into view. It is wielding a dagger.
The killer bee closely misses you. x2
The killer bee stings you!
* * * LOW HITPOINT WARNING * * *
An ooze comes into view.
The killer bee barely misses you. The killer bee barely misses you.
Casting: Sandblast (safe; 1% risk of failure)
Confirm with . or Enter, or press ? or * to list all spells.
Aiming: Lee's Rapid Deconstruction (slightly dangerous; 11% risk of failure)
Press: ? - help, Dir - move target cursor, p - killer bee A rock wall.
You feel a surge of power!
The wall shatters!
The blast of rock fragments hits the killer bee.
You kill the killer bee!
Vehumet accepts your kill.
The blast of rock fragments hits the killer bee.
You kill the killer bee!
Vehumet accepts your kill.
The blast of rock fragments hits the killer bee.
You kill the killer bee!
Vehumet accepts your kill.
You feel your power returning.
The kobold shouts! x2; You hear a croak.
The kobold throws a stone.
The stone closely misses you.
A big kobold comes into view.
The kobold throws a stone.
The stone barely misses you.
The kobold throws a stone.
The stone barely misses you.
The stone hits the killer bee.
The killer bee stings you but does no damage.
Unknown command.
Casting: Lee's Rapid Deconstruction (slightly dangerous; 10% risk of failure)
Confirm with . or Enter, or press ? or * to list all spells.
You don't have enough magic to cast that spell.
Unknown command.
Really read
f - 2 scrolls of teleportation {!r}?
As you read the scroll of teleportation {!r}, it crumbles to dust.
You feel strangely unstable.
The kobold throws a stone.
The stone hits you but does no damage.
A kobold comes into view.
The killer bee stings you!
* * * LOW HITPOINT WARNING * * *
The killer bee stings you.
* * * LOW HITPOINT WARNING * * *
The killer bee stings you but does no damage.
The kobold throws a stone.
The stone hits you but does no damage. The kobold hits you with a dagger.
* * * LOW HITPOINT WARNING * * *
The killer bee stings you but does no damage.
The killer bee stings you!
* * * LOW HITPOINT WARNING * * *
You see here a stone.
The kobold hits you but does no damage.
The ooze jiggles.
The ooze hits you but does no damage. The killer bee stings you!
You die...

.#. .. .. #.#### #.
......
##.##############......
#..........†s(.........
#.....%.....#.yJK.K<...
#....†......#.y@..K....
#...........#..K.......
#...........#..........
#.....).)..)#†.....K...
#.†).......)...........
##†##########..........
#.# ### #..........
###y####... ...........
##y...y..# ..


You could see a big kobold (wandering), a scorpion, 2 killer bees, an ooze and 4
kobolds.

Vanquished Creatures
  The ghost of eyesofgods1 the Twirler, a novice TeGl (D:4)
  Sigmund (D:5)
  Menkaure (D:4)
  2 orc warriors (D:7)
  2 ogres
  A bullfrog (D:6)
  2 wyvern zombies
  3 killer bees (D:7)
  A howler monkey (D:7)
  3 hounds
  An orc priest (D:7)
  A centaur skeleton (D:6)
  3 iguanas
  5 orc wizards
  A hound zombie (D:5)
  Robin (D:4)
  6 adders
  A shadow imp (D:5)
  2 oozes
  3 worms
  A dart slug (D:1)
  4 leopard geckos
  18 orcs
  2 ball pythons
  3 giant cockroaches
  14 goblins
  8 hobgoblins
  10 jackals
  4 quokkas
  10 bats
  6 frilled lizards
  11 kobolds
  A leopard gecko skeleton (D:4)
  9 rats
142 creatures vanquished.

Notes
Turn   | Place    | Note
-------+----------+-------------------------------------------
     0 | D:1      | Amnesiac the Mummy Earth Elementalist began the quest for the Orb.
     0 | D:1      | Reached XP level 1. HP: 13/13 MP: 4/4
   183 | D:1      | Reached XP level 2. HP: 19/19 MP: 3/5
   623 | D:1      | Reached XP level 3. HP: 24/24 MP: 1/7
   935 | D:1      | Learned a level 2 spell: Passwall
   939 | D:1      | Learned a level 3 spell: Stone Arrow
  1127 | D:2      | Reached XP level 4. HP: 27/30 MP: 6/9
  1184 | D:2      | Found a bloodstained altar of Trog.
  1184 | D:2      | Found an opulent altar of Gozag.
  1540 | D:3      | Found a faded altar of an unknown god.
  1541 | D:3      | Found a snail-covered altar of Cheibriados.
  1834 | D:3      | Noticed a fire elemental
  1835 | D:3      | Found a stormy altar of Qazlal.
  1836 | D:3      | Noticed an earth elemental
  1837 | D:3      | Noticed an air elemental
  1837 | D:3      | Noticed a water elemental
  1843 | D:3      | Noticed Sigmund
  1938 | D:3      | Reached XP level 5. HP: 33/35 MP: 11/11
  1946 | D:3      | Learned a level 4 spell: Petrify
  2107 | D:3      | Found a glowing silver altar of Zin.
  2107 | D:3      | Found a burning altar of Makhleb.
  2108 | D:3      | Noticed a cacodemon
  2108 | D:3      | Noticed an angel
  2134 | D:3      | Found a burning altar of Makhleb.
  2135 | D:3      | Found a glowing silver altar of Zin.
  2214 | D:3      | Found a stormy altar of Qazlal.
  2380 | D:3      | Found a snail-covered altar of Cheibriados.
  2381 | D:3      | Found a faded altar of an unknown god.
  2536 | D:3      | Found a burning altar of Makhleb.
  2537 | D:3      | Found a glowing silver altar of Zin.
  2609 | D:3      | Found a stormy altar of Qazlal.
  2775 | D:3      | Found a snail-covered altar of Cheibriados.
  2776 | D:3      | Found a faded altar of an unknown god.
  3036 | D:4      | Noticed a dagger
  3037 | D:4      | Noticed a dagger
  3038 | D:4      | Found a hide-covered altar of Uskayaw.
  3048 | D:4      | Found an ornate altar of the Wu Jian Council.
  3136 | D:4      | Noticed Menkaure
  3138 | D:4      | Found a sparkling altar of Nemelex Xobeh.
  3148 | D:4      | Killed Menkaure
  3148 | D:4      | Reached skill level 5 in Earth Magic
  3148 | D:4      | Reached XP level 6. HP: 35/41 MP: 3/13
  3284 | D:4      | Reached skill level 5 in Spellcasting
  3295 | D:4      | Learned a level 5 spell: Lee's Rapid Deconstruction
  3617 | D:4      | Found a runed gate.
  3617 | D:4      | Noticed eyesofgods1's ghost (novice TeGl)
  3618 | D:4      | Found a runed gate.
  3618 | D:4      | Found a runed gate.
  3867 | D:4      | Found a staircase to the Ecumenical Temple.
  3869 | D:4      | Noticed Robin
  4101 | Temple   | Entered the Ecumenical Temple
  4164 | Temple   | Became a worshipper of Vehumet
  4186 | D:4      | Killed Robin
  4333 | D:4      | Killed eyesofgods1's ghost
  4333 | D:4      | Reached XP level 7. HP: 16/46 MP: 6/16
  4486 | D:5      | Entered Level 5 of the Dungeon
  4498 | D:5      | Learned a level 3 spell: Ozocubu's Armour
  4746 | D:5      | Found a white marble altar of Elyvilon.
  4876 | D:5      | Killed Sigmund
  5221 | D:6      | Reached XP level 8. HP: 52/52 MP: 6/18
  5743 | D:7      | Found an ancient bone altar of Kikubaaqudgha.
  5774 | D:7      | Reached * piety under Vehumet
  5774 | D:7      | Offered knowledge of Flame Tongue by Vehumet.
  5896 | D:7      | Slain by a killer bee

Vault maps used:
D:1:      tarquinn_simple_flora_water_d, minmay_pentomino_r2
D:2:      gammafunk_temple_overflow_elements
D:3:      grunt_temple_overflow_order_and_chaos_2,
          nicolae_qazlal_style_of_elements, lemuel_crystal_altar,
          chequers_ecumenical_altar_simple, first_ration, uniq_sigmund
D:4:      dancing_weapons_uskayaw, lemuel_round_altar, temple_fountains,
          ebering_ghost_rock_garden, nemelex_altar_shiori, uniq_robin,
          uniq_menkaure
D:5:      elyvilon_altar_5
D:6:      nicolae_zen_rock_garden
D:7:      grunt_dithmenos_smoke, kiku_gazebo_garden_becter
Temple:   eino_wide_crystal_templ

Skill      XL: |  1  2  3  4  5  6  7  8 |
---------------+-------------------------+-----
Spellcasting   | 3 4 6 8 |  8.3
Earth Magic    | 3 4 5 6 8 |  8.3
Dodging        | |  1.5
Stealth        | |  1.5
Transmutations | |  0.7

Action                   |  1- 3 |  4- 6 |  7- 9 || total
-------------------------+-------+-------+-------++-------
Melee: Unarmed           |    37 |       |       ||    37
       Mace              |       |    12 |       ||    12
       Dagger            |       |    49 |    51 ||   100
       Short sword       |       |       |     6 ||     6
       Staff             |       |       |     5 ||     5
 Cast: Sandblast         |    49 |    85 |    40 ||   174
       Passwall          |       |     5 |       ||     5
       Lee's Rapid Decon |       |       |     6 ||     6
       Petrify           |       |       |     1 ||     1
  Use: Scroll            |     1 |     7 |     3 ||    11
 Stab: Sleeping          |     1 |     3 |       ||     4
Armor: Robe              |    11 |    29 |    34 ||    74
Dodge: Dodged            |    41 |    62 |    65 ||   168

Table legend:
 A = Spawn XP
 B = Non-spawn XP
 C = Spawn XP percentage of total XP
 D = Spawn monster count
 E = Non-spawn monster count
 F = Spawn count percentage of total count
 G = Total turns spent on level
                    A         B        C        D         E        F      G
               +---------+---------+-------+---------+---------+-------+---------
         Total |       0 |    2626 |   0.0 |       0 |     142 |   0.0 |  5896
               +---------+---------+-------+---------+---------+-------+---------
           D:1 |       0 |      51 |   0.0 |       0 |      27 |   0.0 |   945
           D:2 |       0 |      74 |   0.0 |       0 |      24 |   0.0 |   601
           D:3 |       0 |      87 |   0.0 |       0 |      29 |   0.0 |  1428
           D:4 |       0 |     745 |   0.0 |       0 |      25 |   0.0 |  1432
           D:5 |       0 |     390 |   0.0 |       0 |      12 |   0.0 |   433
           D:6 |       0 |     383 |   0.0 |       0 |       7 |   0.0 |   824
           D:7 |       0 |     896 |   0.0 |       0 |      18 |   0.0 |   153
               +---------+---------+-------+---------+---------+-------+---------
